 Dungeon Crawl Stone Soup version 0.20-a0-492-g6327889 (webtiles) character file.

78417 dobroeutro the Severer (level 15, -20/137 HPs)
             Began as a Minotaur Berserker on Jan 15, 2017.
             Was the Champion of Trog.
             Demolished by a titanic slime creature (78 damage)
             ... on level 13 of the Dungeon.
             The game lasted 00:44:15 (19380 turns).

dobroeutro the Severer (Minotaur Berserker)        Turns: 19380, Time: 00:44:16

Health: -20/137    AC: 28    Str: 25    XL:     15   Next: 18%
Magic:  14/14      EV: 18    Int:  4    God:    Trog [******]
Gold:   1361       SH:  8    Dex: 14    Spells: 14/14 levels left

rFire    . . .     SeeInvis +   d - +6 executioner's axe (vamp)
rCold    + + +     Gourm    .   x - +7 Kryia's mail coat {PotionHeal*2 rC+}
rNeg     . . .     Faith    .   (shield currently unavailable)
rPois    +         Spirit   .   z - +2 hat
rElec    .         Reflect  +   Q - +2 cloak
rCorr    .         Harm     .   a - +2 pair of gloves {archery}
MR       ++...     Clarity  +   Z - +1 pair of boots "Roism" {-Cast rC+++ Dex-3 SInv}
Stlth    .......... NoCast   +  M - +4 amulet of reflection
Regen    0.3/turn               w - ring of poison resistance
                                m - ring of protection from magic

@: no status effects
A: retaliatory headbutt, horns 2, large bone plates 1, agile 2, clarity, wild
magic 1
a: Berserk, Trog's Hand, Brothers in Arms, Burn Spellbooks, Renounce Religion


You were on level 13 of the Dungeon.
You worshipped Trog.
Trog was exalted by your worship.
You were not hungry.

You visited 2 branches of the dungeon, and saw 19 of its levels.
You also visited: Labyrinth, Bailey and Ice Cave.

You collected 1856 gold pieces.
You spent 495 gold pieces at shops.

Inventory:

Hand Weapons
 d - a +6 vampiric executioner's axe (weapon)
 J - a +4 war axe
Armour
 a - a +2 pair of gloves of archery (worn)
 l - the +18 shield of the Gong {rElec rN+ MR+ EV-5}
   (You found it on level 12 of the Dungeon)

   It affects your evasion (-5).
   It insulates you from electricity.
   It protects you from negative energy.
   It affects your resistance to hostile enchantments.
 x - the +7 Kryia's mail coat (worn) {PotionHeal*2 rC+}
   (You found it on level 4 of the Dungeon)

   It protects you from cold.
 z - a +2 hat (worn)
 Q - a +2 cloak (worn)
 T - the +3 warlock's mirror {reflect}
   (You found it in a labyrinth)
 Z - the +1 pair of boots "Roism" (worn) {-Cast rC+++ Dex-3 SInv}
   (You found it on level 10 of the Dungeon)

   It affects your dexterity (-3).
   It renders you almost immune to cold.
   It lets you see invisible.
   It prevents spellcasting.
Jewellery
 m - a ring of protection from magic (left hand)
 w - a ring of poison resistance (right hand)
 y - an uncursed ring of positive energy {unknown}
 M - a +4 amulet of reflection (around neck)
Wands
 r - a wand of flame (27/48)
 G - a wand of clouds (3/9)
Scrolls
 b - 2 scrolls of torment
 i - 4 scrolls of immolation
 j - 3 scrolls of noise
 s - 9 scrolls of remove curse
 u - 2 scrolls of identify
 E - 7 scrolls of teleportation
 I - 4 scrolls of enchant armour
 P - 2 scrolls of recharging
 U - 6 scrolls of fear
 X - 3 scrolls of blinking
Potions
 e - 4 potions of haste
 g - 12 potions of curing
 h - 4 potions of cure mutation
 n - a potion of resistance
 o - 5 potions of magic
 p - 3 potions of agility
 q - 2 potions of experience
 t - a potion of brilliance
 F - 3 potions of lignification {unknown}
 K - 3 potions of degeneration {unknown}
 L - 3 potions of might
 O - 5 potions of heal wounds
 R - a potion of flight {unknown}
 S - 2 potions of cancellation {unknown}
Books
 v - a book of Clouds

   Spells                             Type                      Level
   a - Poisonous Vapours              Poison/Air                   2
   b - Mephitic Cloud                 Conjuration/Poison/Air       3
   c - Conjure Flame                  Conjuration/Fire             3
   d - Freezing Cloud                 Conjuration/Ice/Air          6
   e - Ring of Flames                 Charms/Fire                  7
   Trog disapproves of the use of such an item.
 C - a book of Minor Magic

   Spells                             Type                      Level
   a - Magic Dart                     Conjuration                  1
   b - Blink                          Translocation                2
   c - Call Imp                       Summoning                    2
   d - Repel Missiles                 Charms/Air                   2
   e - Slow                           Hexes                        2
   f - Conjure Flame                  Conjuration/Fire             3
   g - Mephitic Cloud                 Conjuration/Poison/Air       3
   Trog disapproves of the use of such an item.
 H - a book of Flames

   Spells                             Type                      Level
   a - Flame Tongue                   Conjuration/Fire             1
   b - Throw Flame                    Conjuration/Fire             2
   c - Conjure Flame                  Conjuration/Fire             3
   d - Inner Flame                    Hexes/Fire                   3
   e - Sticky Flame                   Conjuration/Fire             4
   f - Fireball                       Conjuration/Fire             5
   Trog disapproves of the use of such an item.
 Y - a book of Debilitation

   Spells                             Type                      Level
   a - Corona                         Hexes                        1
   b - Slow                           Hexes                        2
   c - Gell's Gravitas                Hexes/Translocation          3
   d - Inner Flame                    Hexes/Fire                   3
   e - Cause Fear                     Hexes                        4
   f - Leda's Liquefaction            Hexes/Earth                  4
   Trog disapproves of the use of such an item.
Miscellaneous
 W - a lamp of fire
Comestibles
 c - 7 bread rations
 f - 12 meat rations
 k - 20 fruits
 B - 6 beef jerkies
 D - 2 royal jellies
 N - 2 slices of pizza


   Skills:
 + Level 13.8 Fighting
 * Level 20.2 Axes
 + Level 14.1 Armour
 + Level 13.0 Dodging


You had 14 spell levels left.
You didn't know any spells.

Dungeon Overview and Level Annotations

Branches:
Dungeon (13/15)            Temple (0/1) D:5            Lair (6/6) D:11
 Shoals (0/4) Lair:3       Spider (0/4) Lair:4        Slime (0/5) Lair:5
    Orc (0/2) D:9
 Vaults: D:13-14

Altars:
Ashenzari
Cheibriados
Dithmenos
Fedhas
Gozag
Okawaru
Ru
Sif Muna
Vehumet
Xom
Zin
Jiyva

Shops:
D:6 !   D:8 (   D:11 =

Annotations:
Lair:3 exclusion: oklob plant


Innate Abilities, Weirdness & Mutations

You reflexively headbutt those who attack you in melee.
You have a pair of horns on your head.
You are partially covered in large bone plates. (SH +4)
You are very agile. (Dex +4)
You possess an exceptional clarity of mind.
Your spells are a little harder to cast, but a little more powerful.


Message History

A bullfrog zombie comes into view.
Unknown command.
You are too injured to fight recklessly!
Unknown command.
You are too injured to fight recklessly!
Unknown command.
You are too injured to fight recklessly!
You are too injured to fight recklessly!
Two slime creatures merge to form a titanic slime creature.
You hit the titanic slime creature but do no damage.
You headbutt the titanic slime creature!
The titanic slime creature is heavily wounded.
The titanic slime creature misses you. You furiously retaliate!
You headbutt the titanic slime creature!
You slice the titanic slime creature!!
You headbutt the titanic slime creature.
The titanic slime creature is severely wounded.
You hit the slime creature. The titanic slime creature hits you!!!!
Ouch! That really hurt!
You die...

#######.....(....#
.................#
#######...#.######
#.###)#
######.###.###
..............#
#######.###.#.#
#.##}.J.#
#.#..@JZ############
..##...............#
#####.############.#
#.# #.# #.# #%# #+#
#J# ... #Z# ...


You could see a titanic slime creature, a slime creature and a bullfrog zombie.

Vanquished Creatures
  Rupert (Lair:3)
  Gastronok (Lair:2)
  A tengu reaver (D:12)
  A frost giant (D:12)
  A reaper (IceCv)
  Snorg (Lair:3)
  A minotaur (Lab)
  Josephine (D:11)
  A yaktaur captain (D:12)
  4 hydras
  Erica (D:11)
  3 catoblepae (Lair:6)
  An ice dragon (D:12)
  The ghost of nikopol the Fighter, a journeyman GrBe of Trog (D:9)
  A two-headed ogre (D:8)
  11 death yaks
  Nergalle (D:11)
  3 skeletal warriors (D:11)
  2 unseen horrors
  A phantasmal warrior (D:12)
  2 orc knights
  3 ugly things
  A cyclops (D:12)
  3 manticores
  Maurice (D:8)
  8 black mambas
  2 ice statues (IceCv)
  A centaur zombie (D:12)
  A torpor snail (Lair:6)
  Psyche (D:8)
  2 gargoyles (D:12)
  6 spiny frogs
  4 kobold demonologists
  4 komodo dragons
  6 rime drakes
  8 ice devils (IceCv)
  2 trolls (D:12)
  A polar bear (shapeshifter) (D:12)
  6 polar bears
  A merfolk (D:10)
  3 hornets (D:12)
  A snapping turtle (Lair:3)
  6 dream sheep (Lair:6)
  13 blink frogs
  9 hippogriffs
  10 slime creatures
  Prince Ribbit (D:7)
  A meliai zombie (D:12)
  3 shadows
  A spriggan (Lair:6)
  A vampire (D:12)
  Eustachio (D:6)
  4 wyverns
  46 yaks
  7 wraiths
  3 hungry ghosts (D:12)
  Grum (D:8)
  A steam dragon (D:11)
  6 basilisks
  12 water moccasins
  4 porcupines
  Duvessa (D:5)
  4 orc warriors
  An eye of draining (D:12)
  A sky beast (D:6)
  6 ogres
  5 ice beasts
  10 black bears
  4 centaurs
  3 phantoms
  16 wolves
  16 crocodiles
  2 big kobolds
  17 bullfrogs
  A gnoll sergeant (D:8)
  Dowan (D:5)
  4 scorpions
  16 killer bees
  19 wights
  An electric eel (Lair:3)
  3 howler monkeys
  9 crimson imps
  A quasit (D:6)
  2 hounds (D:12)
  4 bullfrog zombies
  7 orc priests
  A centaur skeleton (D:7)
  4 jellies
  Crazy Yiuf (D:7)
  2 bullfrog skeletons
  12 worker ants
  6 iguanas
  7 orc wizards
  4 hell rats (D:11)
  A hound zombie (D:11)
  A hound skeleton (D:5)
  A worker ant zombie (D:5)
  17 adders
  25 gnolls
  2 shadow imps
  11 white imps (IceCv)
  5 ufetubi (IceCv)
  2 oozes
  3 adder zombies
  A worm (D:2)
  3 adder skeletons
  4 dart slugs
  7 leopard geckos
  40 orcs
  2 giant cockroaches
  8 goblins
  18 hobgoblins
  6 jackals
  7 quokkas
  A ball python (D:3)
  5 bats
  7 frilled lizards
  24 kobolds
  A leopard gecko skeleton (D:5)
  2 quokka skeletons
  3 rats
  3 fungi
  16 plants
652 creatures vanquished.

Vanquished Creatures (collateral kills)
  3 hydras
  A wraith (D:12)
  An orc warrior (D:12)
  A sky beast (D:12)
  A bullfrog zombie (D:12)
  A quasit (D:12)
  An orc wizard (D:12)
  An adder (D:12)
  An orc (D:12)
11 creatures vanquished.

Vanquished Creatures (others)
  2 white imps (IceCv)
  4 ufetubi (IceCv)
  2 fungi
8 creatures vanquished.

Grand Total: 671 creatures vanquished

Notes
Turn   | Place    | Note
-------+----------+-------------------------------------------
     0 | D:1      | dobroeutro the Minotaur Berserker began the quest for the Orb.
     0 | D:1      | Reached XP level 1. HP: 19/19 MP: 0/0
   135 | D:1      | Reached skill level 4 in Axes
   218 | D:1      | Reached XP level 2. HP: 23/26 MP: 1/1
   764 | D:2      | Reached skill level 5 in Axes
   832 | D:2      | Reached XP level 3. HP: 29/31 MP: 2/2
  1340 | D:3      | Reached XP level 4. HP: 38/39 MP: 3/3
  1357 | D:3      | Reached skill level 6 in Axes
  1380 | D:3      | Found a shadowy altar of Dithmenos.
  1497 | D:3      | Found a glowing silver altar of Zin.
  1522 | D:3      | Reached ** piety under Trog
  1706 | D:3      | Found a snail-covered altar of Cheibriados.
  1871 | D:3      | Found a shadowy altar of Dithmenos.
  2014 | D:3      | Reached skill level 7 in Axes
  2014 | D:3      | Reached XP level 5. HP: 42/45 MP: 4/4
  2235 | D:4      | Reached skill level 8 in Axes
  2492 | D:4      | Found a faded altar of an unknown god.
  2492 | D:4      | Found an iron altar of Okawaru.
  2497 | D:4      | Found a sacrificial altar of Ru.
  2499 | D:4      | Found a faded altar of an unknown god.
  2501 | D:4      | Found a deep blue altar of Sif Muna.
  2582 | D:4      | Reached XP level 6. HP: 51/51 MP: 5/5
  2891 | D:4      | Found a shimmering altar of Xom.
  2971 | D:5      | Entered Level 5 of the Dungeon
  2971 | D:5      | Noticed Duvessa
  2971 | D:5      | Noticed Dowan
  2981 | D:5      | Killed Duvessa
  2981 | D:5      | Reached skill level 9 in Axes
  2982 | D:5      | Killed Dowan
  3092 | D:5      | Reached XP level 7. HP: 42/57 MP: 6/6
  3228 | D:5      | Reached skill level 10 in Axes
  3399 | D:5      | Reached *** piety under Trog
  3584 | D:5      | Found a staircase to the Ecumenical Temple.
  3898 | D:6      | Reached XP level 8. HP: 66/66 MP: 7/7
  3947 | D:6      | Gained mutation: You tend to lose your temper in combat. [mutagenic meat]
  3948 | D:6      | Gained mutation: You often lose your temper in combat. [mutagenic meat]
  3950 | D:6      | Gained mutation: Your spells are a little harder to cast, but a little more powerful. [mutagenic meat]
  4040 | D:6      | Noticed Eustachio
  4048 | D:6      | Killed Eustachio
  4048 | D:6      | Reached skill level 11 in Axes
  4054 | D:6      | Reached skill level 5 in Fighting
  4082 | D:6      | Found a radiant altar of Vehumet.
  4168 | D:6      | Found Gyamefot's Distillery.
  4177 | D:6      | Bought 2 potions of heal wounds for 130 gold pieces
  4177 | D:6      | Bought 2 potions of mutation for 65 gold pieces
  4178 | D:6      | Gained mutation: You are dopey. (Int -2) [potion of mutation]
  4178 | D:6      | Gained mutation: You are agile. (Dex +2) [potion of mutation]
  4178 | D:6      | Gained mutation: You are very agile. (Dex +4) [potion of mutation]
  4179 | D:6      | Lost mutation: You often lose your temper in combat. [potion of mutation]
  4179 | D:6      | Lost mutation: You are dopey. (Int -2) [potion of mutation]
  4179 | D:6      | Gained mutation: You are partially covered in large bone plates. (SH +4) [potion of mutation]
  4391 | D:6      | Reached skill level 5 in Armour
  4495 | D:7      | Reached **** piety under Trog
  4536 | D:7      | Noticed Prince Ribbit
  4549 | D:7      | Reached XP level 9. HP: 44/75 MP: 8/8
  4562 | D:7      | Killed Prince Ribbit
  4733 | D:7      | Reached skill level 12 in Axes
  4733 | D:7      | Reached skill level 5 in Dodging
  4884 | D:7      | Found a runed door.
  5121 | D:7      | Found an opulent altar of Gozag.
  5284 | D:7      | Noticed Crazy Yiuf
  5287 | D:7      | Killed Crazy Yiuf
  5357 | D:8      | Got a brightly glowing ring mail
  5402 | D:8      | Found a flagged portal.
  5419 | Bailey   | Entered a bailey
  5423 | Bailey   | Received a gift from Trog
  5706 | Bailey   | Noticed an orc knight
  5714 | Bailey   | Killed an orc knight
  5714 | Bailey   | Reached skill level 13 in Axes
  5853 | D:8      | Noticed Maurice
  5868 | D:8      | Killed Maurice
  5868 | D:8      | Reached XP level 10. HP: 86/86 MP: 9/9
  5897 | D:8      | Identified the +1 ring mail of Opucwad {+Fly rPois rC- Stlth+} (You found it on level 8 of the Dungeon)
  5927 | D:8      | Reached ***** piety under Trog
  6341 | D:8      | Noticed Psyche
  6348 | D:8      | Killed Psyche
  6355 | D:8      | Noticed Grum
  6383 | D:8      | Found a shattered altar of Ashenzari.
  6437 | D:8      | Found Mofie's Antique Weapon Shoppe.
  6457 | D:8      | Killed Grum
  6812 | D:8      | Noticed a two-headed ogre
  6820 | D:8      | Killed a two-headed ogre
  7063 | D:9      | Reached skill level 14 in Axes
  7603 | D:9      | Found a staircase to the Orcish Mines.
  7777 | D:9      | Noticed nikopol's ghost (journeyman GrBe)
  7804 | D:9      | Killed nikopol's ghost
  8042 | D:10     | Entered Level 10 of the Dungeon
  8054 | D:10     | Reached XP level 11. HP: 86/95 MP: 10/10
  8184 | D:10     | Found an opulent altar of Gozag.
  8260 | D:10     | Noticed a purple ugly thing
  8270 | D:10     | Killed a purple ugly thing
  8357 | D:10     | Noticed an unseen horror
  8370 | D:10     | Killed an unseen horror
  8638 | D:10     | Got a pair of slimy boots
  8644 | D:10     | Identified the +1 pair of boots "Roism" {-Cast rC+++ Dex-3 SInv} (You found it on level 10 of the Dungeon)
  8809 | D:11     | Received a gift from Trog
  8896 | D:11     | Reached skill level 15 in Axes
  8916 | D:11     | Noticed a skeletal warrior
  8917 | D:11     | Noticed a skeletal warrior
  8917 | D:11     | Noticed a skeletal warrior
  8923 | D:11     | Noticed a brown ugly thing
  8930 | D:11     | Killed a skeletal warrior
  8931 | D:11     | Killed a skeletal warrior
  8938 | D:11     | Killed a skeletal warrior
  8942 | D:11     | Killed a brown ugly thing
  8955 | D:11     | Lost mutation: You tend to lose your temper in combat. [mutagenic meat]
  8956 | D:11     | Gained mutation: You possess an exceptional clarity of mind. [mutagenic meat]
  9221 | D:11     | Noticed a death yak
  9223 | D:11     | Noticed Erica
  9228 | D:11     | Noticed a death yak
  9231 | D:11     | Killed Erica
  9242 | D:11     | Killed a death yak
  9246 | D:11     | Killed a death yak
  9247 | D:11     | Found a staircase to the Lair.
  9332 | D:11     | Noticed a death yak
  9332 | D:11     | Noticed Nergalle
  9340 | D:11     | Killed Nergalle
  9340 | D:11     | Reached skill level 10 in Armour
  9343 | D:11     | Killed a death yak
  9343 | D:11     | Reached skill level 10 in Fighting
  9343 | D:11     | Reached skill level 16 in Axes
  9343 | D:11     | Reached XP level 12. HP: 106/106 MP: 3/11
  9542 | D:11     | Found Nausiowi's Jewellery Emporium.
  9557 | D:11     | Bought an uncursed ring of poison resistance for 300 gold pieces
  9655 | D:11     | Noticed Josephine
  9663 | D:11     | Killed Josephine
  9768 | D:11     | Found a shimmering altar of Xom.
 10104 | D:12     | Noticed an eight-headed hydra
 10113 | D:12     | Killed a nine-headed hydra
 10181 | D:12     | Reached skill level 10 in Dodging
 10217 | D:12     | Got a crude plate armour
 10287 | D:11     | Identified the cursed +1 plate armour "Motz" {Int+3} (You found it on level 12 of the Dungeon)
 10363 | D:12     | Found a frozen archway.
 10364 | D:12     | Noticed an ice dragon
 10381 | D:12     | Killed an ice dragon
 10382 | D:12     | Received a gift from Trog
 10382 | D:12     | Reached skill level 17 in Axes
 10399 | IceCv    | Entered an ice cave
 10758 | IceCv    | Noticed a reaper
 10771 | IceCv    | Killed a reaper
 10788 | IceCv    | Got a fine demon blade
 10789 | IceCv    | Identified the +4 demon blade of Ravage {slice, Str+3} (You found it in an ice cave)
 10995 | IceCv    | Reached XP level 13. HP: 95/116 MP: 4/12
 11001 | IceCv    | Got an encrusted hat
 11046 | IceCv    | Identified the +0 hat of Zoesod {rF- Int+3 Dex+2} (You found it in an ice cave)
 11437 | D:12     | Noticed a tengu reaver
 11441 | D:12     | Noticed a frost giant
 11851 | Lair:1   | Entered Level 1 of the Lair of Beasts
 12149 | Lair:1   | Received a gift from Trog
 12625 | Lair:2   | Found a labyrinth entrance.
 12633 | Lair:2   | Reached skill level 18 in Axes
 12641 | Lab      | Entered a labyrinth
 13477 | Lab      | Noticed a minotaur
 13484 | Lab      | Killed a minotaur
 13487 | Lab      | Got a shimmering plate armour
 13507 | Lair:2   | Identified the cursed +0 plate armour of Democracy {rC+} (You found it in a labyrinth)
 14039 | Lair:2   | Noticed Gastronok
 14048 | Lair:2   | Killed Gastronok
 14352 | Lair:3   | Found a blossoming altar of Fedhas.
 14466 | Lair:3   | Noticed Snorg
 14479 | Lair:3   | Killed Snorg
 14866 | Lair:3   | Noticed Rupert
 14876 | Lair:3   | Killed Rupert
 14876 | Lair:3   | Reached XP level 14. HP: 127/127 MP: 4/13
 15191 | Lair:3   | Found a staircase to the Shoals.
 15604 | Lair:4   | Found a hole to the Spider Nest.
 15709 | Lair:4   | Identified a scroll of acquirement
 16393 | Lair:5   | Found a viscous altar of Jiyva.
 16393 | Lair:5   | Found a staircase to the Slime Pits.
 16768 | Lair:6   | Entered Level 6 of the Lair of Beasts
 16778 | Lair:6   | Reached skill level 19 in Axes
 16787 | Lair:6   | Received a gift from Trog
 17483 | Lair:6   | Reached ****** piety under Trog
 17485 | Lair:6   | Received a gift from Trog
 18343 | D:12     | Received a gift from Trog
 18578 | D:12     | Killed a frost giant
 18578 | D:12     | Reached XP level 15. HP: 137/137 MP: 14/14
 18609 | D:12     | Killed a tengu reaver
 18609 | D:12     | Reached skill level 20 in Axes
 19380 | D:13     | Demolished by a titanic slime creature

Vault maps used:
D:1:      lightli_arrival_chessboard
D:2:      fountainhead
D:3:      kennysheep_slug_shrine, lemuel_coloured_pillars_altar,
          lemuel_doored_altar, grunt_dithmenos_smoke_and_mirrors
D:4:      xom_butterflies, chequers_temple_overflow_minitemple
D:5:      first_bread, uniq_duvessa
D:6:      nicolae_overflow_hidden_temple, serial_shops, nicolae_shop_trees,
          solitary_fountain, uniq_eustachio
D:7:      basic_altar, kennysheep_generic_room_13, uniq_crazy_yiuf_cottage,
          uniq_prince_ribbit1
D:8:      ashenzari_altar_1, enter_bailey_3, serial_shops, shop_fountains,
          uniq_psyche, uniq_maurice, uniq_grum
D:9:      nicolae_whirlpool, orc_0_dummy, minmay_misc_feat_more_columns
D:10:     hangedman_fish_farm, grunt_gozag_breadcrumbs
D:11:     dpeg_lair_monsters, serial_shops, shop_coins, tgw_xom, uniq_nergalle,
          uniq_erica, uniq_josephine
D:12:     minmay_nested_s, portal_ice_cave_entry_animals_and_master
D:13:     uniq_kirke, uniq_erolcha
Lair:2:   beast_lair_carwin_large_3, lab_entry_generic, lemuel_fruit_tree,
          uniq_gastronok
Lair:3:   minmay_shoals_entry_hut, tgw_fedhas, uniq_rupert, uniq_snorg
Lair:4:   spider_nest_entry_web_field, kennysheep_basilisk_garden
Lair:5:   dpeg_slime_entry_enclosed_altar, serial_bayou_shore_a,
          grunt_megastairs_1, lemuel_fruit_fields
Lair:6:   evilmike_catoblepas_cave, wad_woods_03
Lab:      lab_fountain
Bailey:   bailey_axe_2, bailey
IceCv:    ice_cave_small_demon

Skill      XL: |  1  2  3  4  5  6  7  8  9 10 11 12 13 14 15 |
---------------+----------------------------------------------+-----
Axes           | 4 5 7 8 9 10 11 13 14 16 17 18 19 20 | 20.2
Fighting       | 4 5 7 8 10 11 12 13 | 13.8
Armour         | 3 5 7 8 10 11 12 13 14 | 14.1
Dodging        | 3 4 6 7 9 10 11 12 13 | 13.0

Action                   |  1- 3 |  4- 6 |  7- 9 | 10-12 | 13-15 || total
-------------------------+-------+-------+-------+-------+-------++-------
Melee: Hand axe          |    70 |    46 |       |       |       ||   116
       Headbutt          |     9 |    18 |    63 |   136 |   168 ||   394
       War axe           |       |    57 |   307 |   204 |       ||   568
       Battleaxe         |       |       |       |   308 |   166 ||   474
       Executioner's axe |       |       |       |       |   504 ||   504
Invok: Berserk           |     2 |     1 |     2 |     5 |     4 ||    14
       Burn Spellbooks   |       |       |     1 |       |     2 ||     3
       Brothers in Arms  |       |       |       |     1 |     2 ||     3
  Use: Potion            |       |       |     3 |     1 |       ||     4
       Scroll            |       |       |     8 |     8 |    23 ||    39
  Eat: Chunk             |     3 |     7 |    15 |    21 |    16 ||    62
       Bread ration      |       |       |       |     1 |     3 ||     4
       Meat ration       |       |       |       |       |     1 ||     1
       Pizza             |       |       |       |       |     1 ||     1
Armor: Scale mail        |    30 |    35 |   126 |   183 |   319 ||   693
Dodge: Dodged            |    43 |    45 |   195 |   326 |   556 ||  1165
Block: Other             |       |       |    27 |    72 |   194 ||   293
       Shield            |       |       |       |    47 |       ||    47
       Reflection        |       |       |       |       |     3 ||     3
